Map: Jagannatha LE

Players

Darkness

  • Race: Protoss Protoss
  • League: Master
  • Spawn Location: 1:00

TheZergLord - Winner!

  • Race: Zerg Zerg
  • Spawn Location: 7:00

Event: DreamHack SC2 Masters 2020 Winter

VOD

Have the link to the VOD?

Description

Time

  • Played on: Oct. 16, 2020, 8:11 p.m.
  • Length: 7:06

All games in this series

Show
View Real Time Build Order
Export as new Build Order

Darkness Protoss 

Build Orders: 1 Gate Expand, Oracle Opening 

Get SALT Encoding   

  12  0:00  Probe  
  13  0:12  Probe  
  14  0:19  Pylon  
  14  0:24  Probe (Chrono Boost)  
  15  0:38  Gateway, Probe (Chrono Boost)  
  16  0:45  Probe (Chrono Boost)  
  16  0:47  Assimilator  
  17  0:52  Probe  
  18  1:04  Probe  
  19  1:16  Probe  
  20  1:24  Nexus  
  20  1:35  Cybernetics Core  
  20  1:37  Probe  
  21  1:44  Assimilator  
  21  1:49  Probe  
  21  1:52  Pylon  
  22  2:01  Probe (Chrono Boost)  
  23  2:10  Adept (Chrono Boost)  
  23  2:13  Probe (Chrono Boost)  
  26  2:21  Stargate  
  26  2:22  Probe (Chrono Boost)  
  27  2:31  Warp Gate, Probe (Chrono Boost)  
  27  2:34  Adept  
  27  2:36  Probe (Chrono Boost)  
  32  2:47  Probe x2 (Chrono Boost)  
  33  2:52  Probe (Chrono Boost)  
  33  2:53  Gateway, Probe  
  35  2:59  Void Ray (Chrono Boost)  
  35  3:04  Probe  
  36  3:09  Probe  
  41  3:16  Probe  
  41  3:17  Pylon  
  42  3:21  Probe  
  43  3:28  Probe  
  43  3:33  Pylon, Probe  
  45  3:34  Oracle (Chrono Boost)  
  45  3:36  Adept  
  45  3:40  Probe  
  51  3:46  Probe  
  52  3:51  Assimilator  
  52  3:52  Probe  
  53  3:58  Probe  
  54  4:04  Probe  
  54  4:07  Oracle (Chrono Boost)  
  54  4:08  Assimilator  
  58  4:10  Probe  
  58  4:17  Probe  
  60  4:22  Probe  
  61  4:27  Nexus  
  61  4:29  Pylon x2, Probe  
  62  4:35  Robotics Facility  
  62  4:47  Probe x2  
  62  4:49  Adept x2  
  68  4:52  Shield Battery  
  68  4:56  Twilight Council  
  68  4:58  Void Ray (Chrono Boost)  
  68  4:59  Forge, Probe x2  
  74  5:12  Gateway  
  74  5:14  Stalker, Gateway, Sentry  
  78  5:28  Pylon  
  77  5:38  Pylon, Immortal (Chrono Boost)  
  81  5:46  Stalker x2  
  85  6:04  Shield Battery x2  
  85  6:05  Shield Battery  
  85  6:09  Stalker x2, Zealot  
  91  6:18  Zealot  
  73  6:27  Void Ray (Chrono Boost)  
  67  6:33  Zealot x2  
  67  6:34  Zealot  
  69  6:47  Gateway  
  69  6:48  Gateway  
  69  6:49  Gateway  
  69  6:54  Zealot x2  
Show
View Real Time Build Order
Export as new Build Order

TheZergLord Zerg - Winner!

Build Orders: Hatch First 

Get SALT Encoding   

  12  0:00  Drone  
  13  0:12  Overlord  
  13  0:17  Drone  
  14  0:30  Drone x2  
  16  0:48  Hatchery  
  15  0:51  Drone  
  15  0:55  Drone  
  17  0:57  Drone  
  18  1:08  Extractor  
  17  1:13  Spawning Pool  
  17  1:17  Drone  
  17  1:19  Drone  
  18  1:27  Drone  
  19  1:38  Drone  
  20  1:49  Overlord  
  20  2:04  Queen x2  
  20  2:05  Zergling x4  
  26  2:11  Drone x2  
  26  2:12  Metabolic Boost  
  28  2:21  Drone x2  
  30  2:35  Hatchery  
  29  2:41  Drone x2  
  31  2:46  Queen  
  33  2:57  Drone, Overlord  
  33  2:58  Drone x2  
  36  3:15  Overlord  
  36  3:16  Drone  
  36  3:17  Drone  
  36  3:18  Drone  
  36  3:19  Drone x2  
  41  3:22  Queen  
  41  3:25  Zergling x2  
  44  3:35  Overlord  
  44  3:36  Drone x2  
  46  3:43  Roach Warren  
  46  3:44  Overlord  
  46  3:47  Queen  
  47  3:48  Drone  
  47  3:49  Drone x2  
  47  3:53  Extractor  
  47  3:54  Extractor  
  47  3:55  Zergling x4  
  49  3:58  Drone  
  49  4:00  Drone x2  
  52  4:03  Drone  
  52  4:04  Drone  
  52  4:05  Drone  
  55  4:13  Drone, Spore Crawler  
  55  4:20  Overlord  
  55  4:23  Drone, Spore Crawler  
  55  4:26  Roach x3  
  61  4:33  Overlord x2  
  61  4:43  Roach x3  
  66  4:51  Overlord  
  66  4:52  Roach x2  
  69  4:57  Roach x2  
  73  5:06  Roach x4  
  81  5:13  Ravager  
  81  5:14  Ravager x3  
  84  5:23  Roach x2  
  84  5:24  Roach  
  84  5:25  Overlord x2  
  89  5:32  Overlord  
  88  5:45  Ravager x2  
  88  5:48  Zergling x14  
  88  5:49  Zergling x2  
  98  5:52  Ravager  
  99  6:01  Zergling x6  
  99  6:02  Queen x2, Zergling x2  
  107  6:08  Zergling x2  
  104  6:23  Zergling x8  
  104  6:24  Zergling x2  
  99  6:28  Queen  
  95  6:43  Zergling x10  
Tags
 
Add a new tag
Caveats
  • Supply blocks, unpowered buildings, or Contaminate may cause inaccurate times.
  • Supply counts are checked every 10 seconds.